 Dungeon Crawl Stone Soup version 0.29.1-15-g9cfb28693d (webtiles) character file.

Game seed: 5485344600802690975

119 leafyfresh the Sneak (level 5, -2/37 HPs)
             Began as an Octopode Delver on Mar 5, 2023.
             Slain by an ogre
             ... wielding a +0 giant spiked club
              (25 damage)
             ... on level 4 of the Dungeon.
             The game lasted 00:00:44 (1181 turns).

leafyfresh the Sneak (Octopode Delver)              Turns: 1181, Time: 00:00:45

Health: -2/37      AC:  1    Str: 11    XL:     5   Next: 3%
Magic:  5/5        EV: 14    Int: 15    God:
Gold:   92         SH:  0    Dex: 13    Spells: 4/4 levels left

rFire   . . .      SeeInvis .   a - +0 short sword
rCold   . . .      Faith    .   (no shield)
rNeg    . . .      Spirit   .   (helmet restricted)
rPois   .          Reflect  .   (no amulet)
rElec   .          Harm     .   (no ring)
rCorr   .          Rampage  .   (no ring)
Will    .....                   (no ring)
Stlth   +++++.....              (no ring)
HPRegen 0.12/turn               (no ring)
MPRegen 0.09/turn               (no ring)
                                (no ring)
                                (no ring)

@: no status effects
A: almost no armour, amphibious, 8 rings, camouflage 1, gelatinous body 1,
(nimble swimmer 1), tentacles
a: no special abilities


You were on level 4 of the Dungeon.
You visited 1 branch of the dungeon, and saw 2 of its levels.

You collected 92 gold pieces.

Inventory:

Hand Weapons
 a - a +0 short sword (weapon)
Wands
 f - a wand of digging (3)
Scrolls
 b - a scroll of fog
 c - a scroll of magic mapping
 h - a scroll of torment {unknown}
 l - a scroll of teleportation {unknown}
 m - a scroll of identify {unknown}
Potions
 d - a potion of ambrosia {unknown}
 e - a potion of haste
 g - a potion of degeneration {unknown}
 i - 4 potions of curing {unknown}
 j - a potion of invisibility {unknown}
 k - a potion of mutation {unknown}


   Skills:
 + Level 4.0 Fighting
 - Level 2.0 Short Blades
 + Level 3.2 Dodging
 + Level 7.6 Stealth


You had 4 spell levels left.
You didn't know any spells.
Your spell library contained the following spells:

 Spells                   Type           Power      Damage    Failure   Level
 Gell's Gravitas          Tloc           0%         N/A       63%         3
 Lesser Beckoning         Tloc           0%         N/A       63%         3
 Teleport Other           Tloc           0%         N/A       63%         3


Dungeon Overview and Level Annotations

Branches:
Dungeon (5/15)
 Temple: D:4-7

Altars:
Fedhas


Innate Abilities, Weirdness & Mutations

You cannot wear most types of armour.
You are amphibious.
You can wear up to eight rings at the same time.
Your skin changes colour to match your surroundings (Stealth+).
Your rubbery body absorbs attacks. (AC +1, EV +1)
((You are camouflaged when in or above water. (Stealth+)))
You have tentacles for arms and can constrict up to eight enemies at once.


Message History

There is an open door here.
Found a stone staircase leading up.
No target in view!
You now have 67 gold pieces (gained 12).
Found a leather armour.
No target in view!
You now have 81 gold pieces (gained 14).
You now have 92 gold pieces (gained 11).
You see here a +0 scale mail.
You see here a +0 scale mail.
Key pressed, stopping explore.
No target in view!
Found a stone staircase leading down.
No target in view!
There is a stone staircase leading down here.
A hound is nearby!
The hound barks!
The hound completely misses you.
You hit the hound. Your grab misses the hound. Your squeeze misses the hound.
The hound is lightly wounded.
The hound bites you. The hound barely misses you.
You hit the hound. Your grab misses the hound.
The hound is moderately wounded.
The hound bites you.
An ogre comes into view. It is wielding a +0 giant spiked club.
The ogre shouts!
You hit the hound. Your grab misses the hound.
The hound is heavily wounded.
The hound barely misses you. The hound misses you.
You closely miss the hound. You grab the hound.
The hound is heavily wounded.
You constrict the hound, but do no damage.
The hound bites you.
You hit the hound but do no damage.
The hound is heavily wounded.
You constrict the hound. The hound closely misses you.
The hound barely misses you.
The ogre hits you with a +0 giant spiked club!!
Ouch! That really hurt!
You die...

#.######.. #.# ### #.# #
# #.# # ###.#### #.# ..
...# ###.#####
##.##.#####.......#
#...O..>..#.#.###.#
#..##@###.#.#.###.# #
#...h.# #.........# ##
#...##.###.#.#.....###.
....<......>..........+.
##...##.###.#.##....###.
##.........#.......# ##
#.......#.........# #
#.......#####.##### #+#
#.......# #.#


You could see an ogre and a hound.

Vanquished Creatures
  A phantom (D:4)
  An iguana (D:4)
  An adder (D:4)
  An orc (D:4)
  A ball python (D:4)
  2 endoplasms (D:4)
  A giant cockroach (D:4)
  3 hobgoblins (D:4)
  2 quokkas (D:4)
  2 kobolds (D:4)
15 creatures vanquished.

Notes
Turn   | Place    | Note
-------+----------+-------------------------------------------
     0 | D:5      | leafyfresh the Octopode Delver began the quest for the Orb.
     0 | D:5      | Reached XP level 1. HP: 16/16 MP: 1/1
    12 | D:5      | Noticed an orc warrior
   361 | D:4      | Noticed a hound
   387 | D:4      | Noticed an iguana
   395 | D:4      | Killed an iguana
   396 | D:4      | Reached skill level 7 in Stealth
   396 | D:4      | Reached XP level 2. HP: 12/21 MP: 2/2
   396 | D:4      | Reached XP level 3. HP: 15/26 MP: 3/3
   562 | D:4      | Noticed a phantom
   572 | D:4      | Killed a phantom
   573 | D:4      | Reached XP level 4. HP: 17/33 MP: 4/4
   905 | D:4      | Reached XP level 5. HP: 37/37 MP: 5/5
   962 | D:4      | Found a blossoming altar of Fedhas.
  1178 | D:4      | Noticed an ogre
  1181 | D:4      | Slain by an ogre

Illustrated notes

Levels and vault maps discovered:
D:4:      layout_loops_corners, fedhas_altar_2, minmay_between
D:5:      layout_basic, mainiacjoe_overflow_alcove_2

Skill      XL: |  1  2  3  4 |
---------------+-------------+-----
Stealth        | 7 |  7.6
Dodging        | 3 |  3.2
Fighting       | 4 |  4.0
Short Blades   | |  2.0

Action                   |  1- 3 |  4- 6 || total
-------------------------+-------+-------++-------
Melee: Short sword       |    25 |    15 ||    40
       Tentacles         |     5 |     1 ||     6
       Constrict         |     4 |     4 ||     8
       Punch             |     1 |       ||     1
  Use: Scroll            |     1 |       ||     1
 Stab: Sleeping          |     2 |     5 ||     7
Armor: Skin              |     2 |       ||     2
Dodge: Dodged            |    13 |     8 ||    21
